[Event "December 19 Late 2023"]
[Site "https://www.chess.com"]
[Date "2023.12.19"]
[Round "2"]
[White "Serra Canals, Oriol"]
[Black "Rastbod, Ali"]
[Result "0-1"]
[Board "91"]
[TimeControl "180+1"]
[WhiteFideId "22276084"]
[BlackFideId "12567477"]
[WhiteElo "2108"]
[BlackElo "2209"]
[WhiteTeam "ESP"]
[BlackTeam "IRI"]
[WhiteClock "0:00:02"]
[BlackClock "0:00:39"]

1. d4 d5 2. c4 e6 3. Nf3 h6 4. Nc3 Bb4 5. Qc2 Nf6 6. a3 Bxc3+ 7. Qxc3 O-O 8. Bf4 b6 9. h3 Ba6 10. e3 Nbd7 11. b4 Bxc4 12. Bxc4 dxc4 13. Qxc4 c5 14. bxc5 bxc5 15. O-O cxd4 16. Qxd4 Qa5 17. Ne5 Nxe5 18. Bxe5 Rfd8 19. Qc3 Qxc3 20. Bxc3 Ne4 21. Bd4 f6 22. Rfd1 e5 23. Bb2 Rxd1+ 24. Rxd1 Rb8 25. Bc1 Rb1 26. Kf1 Kf7 27. Rd7+ Ke6 28. Rc7 Kd6 29. Rc8 Nc5 30. Rd8+ Kc6 31. Rc8+ Kd5 32. Rd8+ Kc4 33. Rd1 Nd3 34. Ke2 Nxc1+ 35. Kd2 Nb3+ 36. Kc2 Rxd1 37. Kxd1 Kd3 0-1

[Event "December 19 Late 2023"]
[Site "https://www.chess.com"]
[Date "2023.12.19"]
[Round "2"]
[White "Crasyhealer"]
[Black "Adla, Diego"]
[Result "1-0"]
[Board "92"]
[TimeControl "180+1"]
[BlackFideId "100072"]
[WhiteElo "2387"]
[BlackElo "2377"]
[BlackTeam "ARG"]
[WhiteClock "0:00:17"]
[BlackClock "0:01:27"]

1. c4 e6 2. d4 Nf6 3. g3 d5 4. Bg2 Be7 5. Nf3 O-O 6. O-O dxc4 7. Ne5 c5 8. dxc5 Bxc5 9. Nc3 Nbd7 10. Nxc4 Nb6 11. Qxd8 Rxd8 12. Nxb6 Bxb6 13. Na4 Bd4 14. e3 Be5 15. f4 Bd6 16. Rd1 Rb8 17. Bd2 Be7 18. Bc3 Bd7 19. b3 b6 20. Be5 Rbc8 21. Nc3 Bc6 22. Rxd8+ Bxd8 23. Rd1 Bxg2 24. Kxg2 Kf8 25. Rd2 a6 26. Na4 b5 27. Nc5 a5 28. Nb7 Be7 29. Nxa5 Bb4 30. Bd6+ Bxd6 31. Rxd6 Rc2+ 32. Kf3 Rxa2 33. Rd8+ Ke7 34. Nc6# 1-0

[Event "December 19 Late 2023"]
[Site "https://www.chess.com"]
[Date "2023.12.19"]
[Round "2"]
[White "Li, Tedric"]
[Black "Tanenbaum, Zachary"]
[Result "0-1"]
[Board "93"]
[TimeControl "180+1"]
[WhiteFideId "3242897"]
[BlackFideId "2060850"]
[WhiteElo "1833"]
[BlackElo "2256"]
[WhiteTeam "AUS"]
[BlackTeam "USA"]
[WhiteClock "0:00:50"]
[BlackClock "0:00:13"]

1. e4 e5 2. Nf3 Nc6 3. d3 Nf6 4. g3 Bc5 5. Bg2 d5 6. exd5 Qxd5 7. O-O O-O 8. Bg5 e4 9. dxe4 Qxd1 10. Rxd1 Nxe4 11. Be3 Bxe3 12. fxe3 Bg4 13. Nbd2 Rfe8 14. Nxe4 Rxe4 15. Kf2 Rae8 16. Re1 Rc4 17. c3 a5 18. Nd4 Ne5 19. Be4 c5 20. Bd5 cxd4 21. Bxc4 Nxc4 22. exd4 Rd8 23. Re7 Nxb2 24. h3 Bxh3 25. Rb1 Nc4 26. Rbxb7 Be6 27. a4 h5 28. Rec7 g5 29. Rc5 Nd6 30. Rxg5+ Kf8 31. Rbb5 Ne4+ 32. Ke3 Nxg5 33. Rxg5 Rd5 34. Rxd5 Bxd5 35. Kf4 Bc6 36. Ke5 Bxa4 37. d5 Ke7 38. c4 Bb3 39. c5 a4 40. c6 Bxd5 41. Kxd5 a3 42. Kc4 a2 43. c7 Kd7 0-1

[Event "December 19 Late 2023"]
[Site "https://www.chess.com"]
[Date "2023.12.19"]
[Round "2"]
[White "Bregu, Riza"]
[Black "Lukovic, Vladimir"]
[Result "0-1"]
[Board "94"]
[TimeControl "180+1"]
[WhiteFideId "4701739"]
[BlackFideId "942952"]
[WhiteElo "2138"]
[BlackElo "2394"]
[WhiteTeam "ALB"]
[BlackTeam "SRB"]
[WhiteClock "0:00:51"]
[BlackClock "0:00:53"]

1. e4 e6 2. d4 d5 3. e5 c5 4. Qg4 cxd4 5. Nf3 Nc6 6. Bd3 h5 7. Qg3 h4 8. Qg4 Nh6 9. Bxh6 Rxh6 10. O-O Bd7 11. Re1 Qb6 12. Nbd2 O-O-O 13. c3 dxc3 14. bxc3 Bc5 15. Reb1 Bxf2+ 16. Kf1 Qe3 17. Bb5 h3 18. Rb3 hxg2+ 19. Kxg2 Rg6 20. Qxg6 fxg6 21. Nf1 Qc5 22. Be2 a6 23. Rab1 Na5 24. Rb4 Rf8 25. N1d2 Be3 26. Nb3 Nxb3 27. R1xb3 Bc6 28. Rg4 g5 29. Rgb4 Rf4 30. Nxg5 Rf2+ 31. Kg3 Bxg5 32. Rd4 Rxe2 0-1

[Event "December 19 Late 2023"]
[Site "https://www.chess.com"]
[Date "2023.12.19"]
[Round "2"]
[White "Khodabandeh, Milad"]
[Black "Gubajdullin, Alexei"]
[Result "0-1"]
[Board "95"]
[TimeControl "180+1"]
[WhiteFideId "12538620"]
[BlackFideId "4141202"]
[WhiteElo "1846"]
[BlackElo "2274"]
[WhiteTeam "IRI"]
[BlackTeam "RUS"]
[WhiteClock "0:00:01"]
[BlackClock "0:00:09"]

1. e4 e5 2. Nf3 Nf6 3. Nxe5 d6 4. Nf3 Nxe4 5. Nc3 Nxc3 6. dxc3 Nc6 7. Be2 Be7 8. Be3 Be6 9. Qd2 Qd7 10. Nd4 Nxd4 11. cxd4 Bd5 12. O-O b5 13. a4 bxa4 14. c4 Be4 15. d5 O-O 16. Bd4 c6 17. Bxg7 Kxg7 18. Qd4+ Bf6 19. Qxe4 cxd5 20. cxd5 Bxb2 21. Bd3 f5 22. Qxa4 Qxa4 23. Rxa4 a5 24. Rb1 Rfb8 25. Bxf5 Bc3 26. f4 Rxb1+ 27. Bxb1 Rb8 28. Bf5 Rb5 29. Be4 Rb2 30. g3 Bb4 31. Bf5 h6 32. h4 Kf6 33. Be6 h5 34. Ra1 Bc3 35. Ra4 Be1 36. Ra3 Bb4 37. Ra4 Rd2 38. Kf1 Rh2 39. Kg1 Rb2 40. Kf1 Bc3 41. Kg1 Bd2 42. Kf1 Ke7 43. Ke2 Bxf4+ 44. Kf3 Be5 45. Rxa5 Rb3+ 46. Ke4 Bxg3 47. Ra7+ Kf6 48. Rf7+ Kg6 49. Rd7 Rb6 50. Bf5+ Kf6 51. Rh7 Rb4+ 52. Kf3 Bxh4 53. Be4 Rb3+ 54. Ke2 Bg5 55. Bf3 h4 56. Kf2 Ke5 57. Kg2 Rb2+ 58. Kh3 Rb4 59. Rf7 Bf6 60. Rf8 Kf5 61. Rf7 Rb3 62. Kg2 h3+ 63. Kg3 h2 64. Rh7 Be5+ 65. Kg2 Rb2+ 66. Kf1 Kf4 67. Rf7+ Ke3 68. Bg2 Rb1# 0-1

[Event "December 19 Late 2023"]
[Site "https://www.chess.com"]
[Date "2023.12.19"]
[Round "2"]
[White "Martin Fuentes, Alberto"]
[Black "Mazzilli, Piero"]
[Result "0-1"]
[Board "96"]
[TimeControl "180+1"]
[WhiteFideId "2292289"]
[BlackFideId "807087"]
[WhiteElo "2280"]
[BlackElo "2299"]
[WhiteTeam "ESP"]
[BlackTeam "ITA"]
[WhiteClock "0:00:57"]
[BlackClock "0:00:51"]

1. e4 c5 2. Nc3 a6 3. g3 b5 4. Bg2 Bb7 5. d3 b4 6. Nce2 d5 7. Nh3 dxe4 8. Ng5 Nf6 9. O-O Nbd7 10. Nxe4 Nxe4 11. dxe4 Nf6 12. Be3 e6 13. f3 Be7 14. Qxd8+ Rxd8 15. a3 O-O 16. Rfd1 Rxd1+ 17. Rxd1 a5 18. Nc1 c4 19. axb4 axb4 20. Rd4 Bc5 21. Kf2 Bxd4 22. Bxd4 Rd8 23. Ke3 Nd7 24. Bf1 e5 25. Ba7 Ra8 0-1

[Event "December 19 Late 2023"]
[Site "https://www.chess.com"]
[Date "2023.12.19"]
[Round "2"]
[White "slidingknight2775"]
[Black "Guimaraes, Wagner Peixoto"]
[Result "1-0"]
[Board "97"]
[TimeControl "180+1"]
[BlackFideId "2100940"]
[WhiteElo "2620"]
[BlackElo "2140"]
[BlackTeam "BRA"]
[WhiteClock "0:00:09"]
[BlackClock "0:00:00"]

1. d4 d5 2. c4 e6 3. Nf3 c6 4. Qc2 Nf6 5. g3 Nbd7 6. Bg2 Be7 7. O-O a5 8. Nbd2 O-O 9. e4 dxe4 10. Nxe4 Nxe4 11. Qxe4 a4 12. Bf4 Qa5 13. Qc2 Bf6 14. Rad1 e5 15. Bd2 Qc7 16. Bg5 exd4 17. Bxf6 Nxf6 18. Rxd4 h6 19. h3 Be6 20. Rfd1 Ra5 21. Qd2 Raa8 22. Nh2 c5 23. Rd6 Ne8 24. Rd3 Bxc4 25. Rd7 Qe5 26. Rxb7 Rc8 27. Ng4 Qf5 28. Ne3 Qe6 29. Nxc4 Qxc4 30. Bd5 Qa6 31. Re7 Nf6 32. Bb7 Qa7 33. Bxc8 Qxe7 34. Bf5 Qe5 35. Bc2 Re8 36. Bxa4 Rf8 37. Bb3 Ne4 38. Qe3 Qf5 39. Bc2 Re8 40. Re1 Qxh3 41. Bxe4 g6 42. Qc1 Re5 43. Bg2 1-0

[Event "December 19 Late 2023"]
[Site "https://www.chess.com"]
[Date "2023.12.19"]
[Round "2"]
[White "Antunez Soler, Luis"]
[Black "Gumugama"]
[Result "1-0"]
[Board "98"]
[TimeControl "180+1"]
[WhiteFideId "3513335"]
[WhiteElo "2154"]
[BlackElo "2211"]
[WhiteTeam "CUB"]
[WhiteClock "0:00:13"]
[BlackClock "0:00:00"]

1. e4 c5 2. Nf3 d6 3. Bb5+ Nd7 4. d4 cxd4 5. Qxd4 a6 6. Bxd7+ Bxd7 7. Bg5 h6 8. Bh4 Qc7 9. Nc3 e6 10. O-O-O Rc8 11. Bg3 e5 12. Nxe5 dxe5 13. Bxe5 Qc6 14. Bxg7 Bxg7 15. Qxg7 Qf6 16. Qg3 Qg5+ 17. Kb1 Qxg3 18. hxg3 Ne7 19. f3 Be6 20. g4 Kf8 21. Ne2 Kg7 22. Nf4 Rcd8 23. Nh5+ Kg6 24. Nf4+ Kh7 25. Rxd8 Rxd8 26. g5 Ng8 27. g4 Kg7 28. gxh6+ Nxh6 29. g5 Ng8 30. g6 Rd2 31. Rg1 Rf2 32. gxf7+ Kxf7 33. Nd3 Rh2 34. Ne5+ Kf8 35. b3 Bh3 36. Rg6 Rg2 37. Rb6 Rg5 38. f4 Rg1+ 39. Kb2 Bg2 40. Rxb7 Bxe4 41. Rb6 Rg2 42. Rxa6 Rxc2+ 43. Ka3 Rf2 44. Ra4 Bb1 45. Ra8+ Kg7 46. Ra7+ Kf6 47. Ng4+ Kf5 48. Nxf2 Kxf4 49. Nd1 Nf6 50. Nc3 Bf5 51. Ra4+ Ke5 52. Ra5+ Ke6 53. Kb2 Nd7 54. a4 Bd3 55. Rh5 Ne5 56. Ka3 Bg6 57. Rh1 Bc2 58. Re1 Kd6 59. Nb5+ Kd5 60. Nc3+ Kd4 61. Nb5+ Kd5 62. Rh1 Nd3 63. Rh5+ Ke4 64. a5 Nc1 65. a6 Bd1 66. Nc3+ Kd3 67. Nxd1 Kd2 68. Nb2 1-0

[Event "December 19 Late 2023"]
[Site "https://www.chess.com"]
[Date "2023.12.19"]
[Round "2"]
[White "Ismagilov, Damir"]
[Black "Fernandez Hernandez, Gerardo"]
[Result "1-0"]
[Board "99"]
[TimeControl "180+1"]
[WhiteFideId "34199982"]
[BlackFideId "2207400"]
[WhiteElo "2131"]
[BlackElo "2265"]
[WhiteTeam "RUS"]
[BlackTeam "ESP"]
[WhiteClock "0:01:13"]
[BlackClock "0:00:51"]

1. g3 Nf6 2. d3 g6 3. Bg2 Bg7 4. e3 O-O 5. Ne2 d5 6. O-O e5 7. b3 Nc6 8. Bb2 Be6 9. Nd2 Qd7 10. e4 Bh3 11. f4 Bxg2 12. Kxg2 dxe4 13. Nxe4 Nxe4 14. dxe4 Rad8 15. f5 Bh6 16. Nc3 Qxd1 17. Raxd1 Nd4 18. Nd5 c6 19. Bxd4 exd4 20. Nf6+ Kg7 21. Ng4 f6 22. e5 gxf5 23. Rxf5 fxe5 24. Rxe5 Be3 25. Re7+ Rf7 26. Rxf7+ Kxf7 27. Nxe3 dxe3 28. Rxd8 e2 29. Kf2 Ke7 30. Rd2 e1=Q+ 31. Kxe1 1-0

[Event "December 19 Late 2023"]
[Site "https://www.chess.com"]
[Date "2023.12.19"]
[Round "2"]
[White "Navyblue1"]
[Black "Tifferet, Shakked"]
[Result "0-1"]
[Board "100"]
[TimeControl "180+1"]
[BlackFideId "2811529"]
[WhiteElo "2118"]
[BlackElo "2142"]
[BlackTeam "ISR"]
[WhiteClock "0:01:58"]
[BlackClock "0:02:02"]

1. d4 Nf6 2. c4 e6 3. Nf3 b6 4. Nc3 Bb7 5. Bg5 Bb4 6. e3 h6 7. Bh4 g5 8. Bg3 Ne4 9. Qc2 h5 10. Nd2 Nxd2 11. Qxd2 h4 12. a3 Bxc3 13. Qxc3 hxg3 14. fxg3 d6 15. O-O-O Nd7 16. Qd3 Qf6 17. e4 Qg6 18. Re1 e5 19. d5 O-O-O 20. Qc2 g4 21. Be2 Kb8 22. Rhf1 Rxh2 0-1

[Event "December 19 Late 2023"]
[Site "https://www.chess.com"]
[Date "2023.12.19"]
[Round "2"]
[White "Grutter, Tim"]
[Black "Lutz, Igor Oscar"]
[Result "1-0"]
[Board "101"]
[TimeControl "180+1"]
[WhiteFideId "1057472"]
[BlackFideId "2110806"]
[WhiteElo "2303"]
[BlackElo "2088"]
[WhiteTeam "NED"]
[BlackTeam "BRA"]
[WhiteClock "0:02:16"]
[BlackClock "0:00:05"]

1. e4 c5 2. Nf3 Nc6 3. d4 cxd4 4. Nxd4 Nf6 5. Nc3 d6 6. Be2 e6 7. O-O Be7 8. Be3 O-O 9. Qd2 a6 10. Rad1 Qc7 11. Kh1 b5 12. Nxc6 Qxc6 13. e5 Nd5 14. Nxd5 exd5 15. exd6 Bxd6 16. Qxd5 Qxd5 17. Rxd5 Be7 18. Rfd1 Be6 19. R5d4 Rfc8 20. R4d2 Bf6 21. Bf3 Rab8 22. Ba7 g6 23. Bxb8 Rxb8 24. c3 Bxa2 25. Ra1 Bc4 26. Rxa6 Re8 27. h3 Re1+ 28. Kh2 Be5+ 29. g3 Kg7 30. Bd5 Bxd5 31. Rxd5 f6 32. Rxb5 Re2 33. Kg2 Rc2 34. Rc6 Kh6 35. b4 Bxc3 36. Rbc5 Rxf2+ 37. Kxf2 Bd4+ 38. Kf3 Bxc5 39. Rxc5 1-0

[Event "December 19 Late 2023"]
[Site "https://www.chess.com"]
[Date "2023.12.19"]
[Round "2"]
[White "Shimanov, Aleksandr"]
[Black "Demina, Marya"]
[Result "1-0"]
[Board "102"]
[TimeControl "180+1"]
[WhiteFideId "4198603"]
[BlackFideId "4195671"]
[WhiteElo "2611"]
[BlackElo "1978"]
[WhiteTeam "RUS"]
[BlackTeam "RUS"]
[WhiteClock "0:01:39"]
[BlackClock "0:00:32"]

1. b4 Nf6 2. Bb2 g6 3. c4 Bg7 4. d4 d5 5. e3 a5 6. b5 a4 7. Nf3 O-O 8. Be2 Re8 9. O-O c6 10. Na3 Bg4 11. Rc1 Ne4 12. h3 Bxf3 13. Bxf3 e6 14. Bxe4 dxe4 15. Qc2 Qh4 16. Rfd1 Nd7 17. d5 exd5 18. cxd5 Bxb2 19. Qxb2 cxd5 20. Rxd5 Nf6 21. Rd4 Rac8 22. Nc4 Rc5 23. Nd6 Rxc1+ 24. Qxc1 Re5 25. Qc3 Nd5 26. Qc4 Rg5 27. Rxd5 1-0

[Event "December 19 Late 2023"]
[Site "https://www.chess.com"]
[Date "2023.12.19"]
[Round "2"]
[White "Drygalov, Andrey"]
[Black "Akhayan, Ruben"]
[Result "1-0"]
[Board "103"]
[TimeControl "180+1"]
[WhiteFideId "24171735"]
[BlackFideId "204439"]
[WhiteElo "2477"]
[BlackElo "2141"]
[WhiteTeam "RUS"]
[BlackTeam "BEL"]
[WhiteClock "0:02:24"]
[BlackClock "0:01:48"]

1. e4 a6 2. d4 e6 3. Nf3 d5 4. Nbd2 Be7 5. Bd3 Nf6 6. e5 Nfd7 7. O-O c5 8. c3 Nc6 9. Re1 O-O 10. Nf1 cxd4 11. cxd4 Qb6 12. Ng3 Nb4 13. Bb1 Re8 14. Be3 Nf8 15. h4 Bd7 16. h5 Rac8 17. a3 Nc6 18. Ra2 Na5 19. h6 g6 20. Bg5 Qb3 21. Qd2 Nc4 22. Qf4 Nxb2 23. Bxe7 Rxe7 24. Qf6 1-0

[Event "December 19 Late 2023"]
[Site "https://www.chess.com"]
[Date "2023.12.19"]
[Round "2"]
[White "Makarian, Rudik"]
[Black "Marin Pincheira, Carlos"]
[Result "1-0"]
[Board "104"]
[TimeControl "180+1"]
[WhiteFideId "44105681"]
[BlackFideId "3407543"]
[WhiteElo "2540"]
[BlackElo "2080"]
[WhiteTeam "FID"]
[BlackTeam "CHI"]
[WhiteClock "0:01:30"]
[BlackClock "0:00:00"]

1. a4 d5 2. h4 e5 3. a5 Nf6 4. h5 h6 5. d3 Bg4 6. Nf3 Nbd7 7. a6 b6 8. Nc3 c6 9. e4 Bb4 10. Bd2 d4 11. Nb1 Bd6 12. Be2 Bxh5 13. Nxd4 Bxe2 14. Nxe2 Nc5 15. Nbc3 Ne6 16. Ng3 Nd4 17. Nce2 Nxe2 18. Qxe2 Qc7 19. Nf5 Bf8 20. f4 O-O-O 21. fxe5 Qxe5 22. Bc3 Qe6 23. Qf3 Ne8 24. O-O Bc5+ 25. d4 Bf8 26. Kh1 f6 27. d5 cxd5 28. Nd4 Qe5 29. Nc6 Qd6 30. Nxd8 Qxd8 31. Rad1 Bd6 32. Qf5+ Qd7 33. Rxd5 Qxf5 34. exf5 Bc5 35. Rfd1 Nc7 36. Rd7 Rg8 37. b4 Bf2 38. g4 Bg3 39. Kg2 Bf4 40. Kf3 Bg5 41. Be1 Re8 42. Bg3 Nxa6 43. Rxa7 Re3+ 44. Kf2 Nxb4 45. Rc7+ 1-0

[Event "December 19 Late 2023"]
[Site "https://www.chess.com"]
[Date "2023.12.19"]
[Round "2"]
[White "Liascovich, Lucas"]
[Black "Malek, Omid"]
[Result "1-0"]
[Board "105"]
[TimeControl "180+1"]
[WhiteFideId "108634"]
[BlackFideId "2605384"]
[WhiteElo "2455"]
[BlackElo "2013"]
[WhiteTeam "ARG"]
[BlackTeam "CAN"]
[WhiteClock "0:00:20"]
[BlackClock "0:00:06"]

1. d4 f5 2. Nf3 Nf6 3. g3 g6 4. Bg2 Bg7 5. O-O O-O 6. b3 d5 7. Bb2 e6 8. Nbd2 Nbd7 9. c4 c6 10. b4 Ne4 11. e3 g5 12. Nxe4 dxe4 13. Ne5 Nxe5 14. dxe5 Qe8 15. Qb3 h5 16. f3 exf3 17. Bxf3 h4 18. gxh4 g4 19. Bg2 Qh5 20. Bc3 Qxh4 21. Rad1 Bh6 22. Rf4 Bxf4 23. exf4 Rd8 24. Rd6 Rxd6 25. exd6 g3 26. hxg3 Qxg3 27. Qb2 Bd7 28. Be5 Rf8 29. Qf2 Qg4 30. Qxa7 Qd1+ 31. Kh2 Qh5+ 32. Kg1 Qd1+ 33. Kh2 Kf7 34. Qxb7 Qh5+ 35. Kg1 Qd1+ 36. Kh2 Qh5+ 37. Kg3 Rg8+ 38. Kf2 Qh4+ 39. Kf1 Rd8 40. Qb6 Ke8 41. a3 Ra8 42. Qe3 Qg4 43. Kf2 Qh4+ 44. Ke2 Qg4+ 45. Bf3 Qh4 46. b5 Qh2+ 47. Qf2 Qxf2+ 48. Kxf2 Rc8 49. b6 Rb8 50. Bd4 Ra8 51. Bc5 Rb8 52. Bd1 Ra8 53. a4 Kd8 54. Bb4 Kc8 55. c5 Kb7 56. a5 Rg8 57. Be2 Rh8 58. Bd2 Ra8 59. Ke3 e5 60. fxe5 Rg8 61. a6+ Ka8 62. Kd4 Rg2 63. Kd3 Rg3+ 64. Kc2 Rg2 65. Bc4 Rg3 66. e6 Bxe6 67. Bxe6 f4 68. d7 Rg8 69. Bxg8 f3 70. d8=Q# 1-0

[Event "December 19 Late 2023"]
[Site "https://www.chess.com"]
[Date "2023.12.19"]
[Round "2"]
[White "Becerra, Juan David"]
[Black "Hamidi, Amir Mohammad"]
[Result "0-1"]
[Board "106"]
[TimeControl "180+1"]
[WhiteFideId "4404998"]
[BlackFideId "12563285"]
[WhiteElo "2293"]
[BlackElo "2217"]
[WhiteTeam "COL"]
[BlackTeam "IRI"]
[WhiteClock "0:00:04"]
[BlackClock "0:00:16"]

1. d4 Nf6 2. Nc3 d5 3. Bf4 c5 4. e3 g6 5. Nf3 Bg7 6. Be2 O-O 7. O-O cxd4 8. exd4 Nc6 9. Re1 Bf5 10. Ne5 Rc8 11. g4 Be6 12. Qd3 Bxg4 13. Nxg4 Nb4 14. Nxf6+ Bxf6 15. Qd2 Qb6 16. a3 Nc6 17. Nxd5 Qxd4 18. Nxf6+ Qxf6 19. c3 Rfd8 20. Qe3 Rd5 21. Bg3 h5 22. h4 Rcd8 23. Bf3 Rd3 24. Qg5 Qxf3 25. Rf1 Rd1 26. Raxd1 Rxd1 27. Rxd1 Qxd1+ 28. Kh2 Qe2 29. Qb5 Qxb5 0-1

[Event "December 19 Late 2023"]
[Site "https://www.chess.com"]
[Date "2023.12.19"]
[Round "2"]
[White "Wieczorek, Oskar"]
[Black "Zhukov, Maksim"]
[Result "1-0"]
[Board "107"]
[TimeControl "180+1"]
[WhiteFideId "1133950"]
[BlackFideId "34181790"]
[WhiteElo "2407"]
[BlackElo "1925"]
[WhiteTeam "POL"]
[BlackTeam "RUS"]
[WhiteClock "0:02:09"]
[BlackClock "0:00:30"]

1. e4 c5 2. Nf3 e6 3. g3 a6 4. Bg2 b5 5. O-O Bb7 6. Re1 Qc7 7. c3 Nf6 8. d4 cxd4 9. cxd4 Be7 10. d5 Bc5 11. d6 Bxf2+ 12. Kxf2 Ng4+ 13. Kf1 Qb6 14. Re2 Bxe4 15. h3 Nf6 16. Nc3 Qb7 17. Nxe4 Nxe4 18. Bf4 f5 19. Kg1 Qb6+ 20. Kh2 h6 21. Qd4 Qxd4 22. Nxd4 g5 23. Be5 Rg8 24. Bxe4 fxe4 25. Rxe4 Nc6 26. Nxc6 dxc6 27. Rf1 Kd7 28. Rf7+ Ke8 29. Re7+ Kd8 30. Bf6 Kc8 31. R4xe6 Kb8 32. Re8+ Kb7 33. d7 1-0

[Event "December 19 Late 2023"]
[Site "https://www.chess.com"]
[Date "2023.12.19"]
[Round "2"]
[White "Laskakis, Konstantinos"]
[Black "Skvortsov, Andrei"]
[Result "1-0"]
[Board "108"]
[TimeControl "180+1"]
[WhiteFideId "42134374"]
[BlackFideId "24108600"]
[WhiteElo "2379"]
[BlackElo "2338"]
[WhiteTeam "GRE"]
[BlackTeam "MNE"]
[WhiteClock "0:00:01"]
[BlackClock "0:00:42"]

1. d4 e6 2. c4 c5 3. d5 exd5 4. cxd5 Bd6 5. Nc3 Nf6 6. Nf3 O-O 7. Bg5 Re8 8. e3 a6 9. a4 h6 10. Bh4 Bf8 11. Be2 d6 12. O-O Nbd7 13. h3 Ne5 14. Nd2 Bf5 15. e4 Bh7 16. f4 Ng6 17. Bg3 Rb8 18. Bf3 b5 19. axb5 axb5 20. b3 Qb6 21. Kh2 Nd7 22. Re1 Be7 23. Bg4 Qb7 24. Nf3 Nf6 25. Bf5 Bf8 26. e5 b4 27. Nb1 Qxd5 28. Bxg6 Bxg6 29. exf6 Qc6 30. Nbd2 Bd3 31. Nc4 Bf5 32. Ne3 Be4 33. Ng4 h5 34. Nf2 Bf5 35. Nh4 Be6 36. Qxh5 Bxb3 37. Nf5 d5 38. fxg7 Bxg7 39. Qg5 Qf6 40. Qxg7+ Qxg7 41. Nxg7 Kxg7 42. f5 Ra8 43. Rxe8 Rxe8 44. Ra5 Rc8 45. Bd6 c4 46. Bxb4 d4 47. Bc5 d3 48. Bd4+ Kh7 49. Ne4 Rd8 50. Bc3 Bd1 51. Ra6 f6 52. Nxf6+ Kg7 53. Ne4+ Kf8 54. Rh6 Rd5 55. f6 Rf5 56. Rh7 Ba4 57. Bb4+ Kg8 58. Rg7+ Kh8 59. Ra7 Bc6 60. f7 d2 61. Bxd2 Kg7 62. Bc3+ Kg6 63. Ra6 Kxf7 64. Rxc6 Rf1 65. Rxc4 Rb1 66. h4 Ke6 67. h5 Kd5 68. Rd4+ Ke6 69. h6 Rb7 70. Rc4 Kd5 71. Rd4+ Ke6 72. Ra4 Rc7 73. Ng5+ Kf5 74. h7 Rxc3 75. h8=Q Rh3+ 76. Qxh3+ 1-0

[Event "December 19 Late 2023"]
[Site "https://www.chess.com"]
[Date "2023.12.19"]
[Round "2"]
[White "Dyachuk, Artem"]
[Black "Kovalevsky, Stanislav"]
[Result "1-0"]
[Board "109"]
[TimeControl "180+1"]
[WhiteFideId "34107924"]
[BlackFideId "13508598"]
[WhiteElo "2244"]
[BlackElo "2043"]
[WhiteTeam "UKR"]
[BlackTeam "FID"]
[WhiteClock "0:02:16"]
[BlackClock "0:00:01"]

1. e4 c6 2. Nc3 d5 3. Nf3 Bg4 4. h3 Bh5 5. g4 Bg6 6. exd5 cxd5 7. Bb5+ Nc6 8. Ne5 Rc8 9. d4 e6 10. Qe2 Be7 11. Bf4 Nf6 12. Nxc6 bxc6 13. Ba6 Rb8 14. Bxb8 Qxb8 15. O-O O-O 16. Bd3 Qxb2 17. Bxg6 Qxc3 18. Bd3 Qxd4 19. Rab1 Bd6 20. Kg2 Qf4 21. Rh1 h5 22. Qf3 Qg5 23. Rb7 e5 24. Qf5 Qxf5 25. Bxf5 g6 26. g5 Nh7 27. Bd7 c5 28. Bc6 d4 29. Rxa7 Nxg5 30. Ra8 f5 31. Rb1 Rxa8 32. Bxa8 Kf7 33. a4 c4 34. a5 d3 35. Bd5+ Ke7 36. Bxc4 dxc2 37. Rc1 f4 38. a6 f3+ 39. Kf1 Ne4 40. Rxc2 Bc5 41. Bd5 Nf6 42. Rxc5 Kd6 43. Rc6+ Kxd5 44. Rxf6 1-0

[Event "December 19 Late 2023"]
[Site "https://www.chess.com"]
[Date "2023.12.19"]
[Round "2"]
[White "Martinez Ramirez, Lennis"]
[Black "Semenenko, Dmytry"]
[Result "0-1"]
[Board "110"]
[TimeControl "180+1"]
[WhiteFideId "3509079"]
[BlackFideId "14118645"]
[WhiteElo "2405"]
[BlackElo "2113"]
[WhiteTeam "CUB"]
[BlackTeam "UKR"]
[WhiteClock "0:00:24"]
[BlackClock "0:00:52"]

1. d4 d5 2. Nf3 Nf6 3. g3 c6 4. Bg2 h6 5. O-O Bf5 6. c4 e6 7. Qb3 Qb6 8. c5 Qxb3 9. axb3 Ne4 10. b4 Nd7 11. Nfd2 a6 12. Nb3 e5 13. f3 Nef6 14. Nc3 Bc2 15. dxe5 Bxb3 16. exf6 Nxf6 17. Be3 g6 18. Bd4 Bg7 19. Rfc1 O-O 20. Ra3 Bc4 21. b3 Bb5 22. Nxb5 axb5 23. Rca1 Rxa3 24. Rxa3 Re8 25. e3 Nd7 26. Kf2 Ne5 27. Bf1 g5 28. Ra7 Re7 29. Ra8+ Kh7 30. h3 h5 31. f4 gxf4 32. gxf4 Ng6 33. Bd3 Bxd4 34. exd4 Kg7 35. Bxg6 Kxg6 36. Rg8+ Kf5 37. Kf3 Re4 38. Rg5+ Kf6 39. Rxh5 Rxd4 40. Rh6+ Kg7 41. Rd6 Rxb4 42. h4 Rxb3+ 43. Kg4 b4 44. h5 Rb1 45. Rd7 b3 46. Rxb7 Kf6 47. Rb6 b2 48. Rxc6+ Kg7 49. h6+ Kh7 50. Rb6 Rg1+ 51. Kf5 b1=Q+ 52. Rxb1 Rxb1 53. Ke5 Rd1 54. c6 Kxh6 55. c7 Rc1 56. Kd6 d4 0-1

[Event "December 19 Late 2023"]
[Site "https://www.chess.com"]
[Date "2023.12.19"]
[Round "2"]
[White "Sun, Rick"]
[Black "Fernandez Bustamante, Leancy B."]
[Result "1-0"]
[Board "111"]
[TimeControl "180+1"]
[WhiteFideId "30909481"]
[BlackFideId "3523870"]
[WhiteElo "2169"]
[BlackElo "2049"]
[WhiteTeam "USA"]
[BlackTeam "CUB"]
[WhiteClock "0:00:19"]
[BlackClock "0:00:44"]

1. d4 c5 2. d5 d6 3. Nc3 e5 4. e4 Nf6 5. a4 g6 6. Nge2 Bg7 7. Ng3 h5 8. h4 Ng4 9. f3 Nh6 10. Bg5 Bf6 11. Qd2 Bxg5 12. hxg5 Ng8 13. Bb5+ Bd7 14. f4 a6 15. Be2 exf4 16. Qxf4 Qe7 17. O-O-O b5 18. axb5 axb5 19. Nxb5 Bxb5 20. Bxb5+ Nd7 21. Rhe1 Ra1+ 22. Kd2 Rxd1+ 23. Kxd1 Qe5 24. Qxe5+ dxe5 25. Rf1 h4 26. Ne2 Rh7 27. Ng1 Ne7 28. Nf3 Kd8 29. Bxd7 Kxd7 30. Nxe5+ Ke8 31. Ng4 Rh8 32. Ke2 Nc8 33. e5 Ne7 34. c4 Nf5 35. Ra1 Nd4+ 36. Kd3 Rf8 37. Ra8+ Ke7 38. d6+ Ke6 39. Rxf8 h3 40. gxh3 Nf3 41. Re8+ Kd7 42. Nf6+ Kc6 43. Rc8+ Kb7 44. Rxc5 Nxg5 45. d7 Ne6 46. Rd5 Nd8 47. b4 Kc6 48. b5+ Kc7 49. c5 g5 50. Ne8+ Kb7 51. c6+ Kb6 52. c7 Ne6 53. d8=Q Nf4+ 54. Ke4 f5+ 55. exf6 Nxd5 56. Qxd5 g4 57. c8=Q gxh3 58. Qc7# 1-0

[Event "December 19 Late 2023"]
[Site "https://www.chess.com"]
[Date "2023.12.19"]
[Round "2"]
[White "Guerra Tulcan, Lenin"]
[Black "Skibbe, Willi"]
[Result "1/2-1/2"]
[Board "112"]
[TimeControl "180+1"]
[WhiteFideId "3601382"]
[BlackFideId "4682190"]
[WhiteElo "2368"]
[BlackElo "2363"]
[WhiteTeam "ECU"]
[BlackTeam "GER"]
[WhiteClock "0:00:17"]
[BlackClock "0:00:15"]

1. e4 e5 2. Nf3 Nc6 3. Bb5 a6 4. Ba4 Nf6 5. Qe2 b5 6. Bb3 Be7 7. O-O O-O 8. c3 d5 9. d3 dxe4 10. dxe4 Bd6 11. Rd1 Qe7 12. Nbd2 Na5 13. Bc2 Bg4 14. Nf1 Nd7 15. h3 Be6 16. Ne3 f6 17. Nh4 g6 18. Nd5 Qf7 19. a4 c6 20. Nxf6+ Qxf6 21. Rxd6 Nc4 22. Rxe6 Qxe6 23. Bb3 Nc5 24. Ba2 Qf6 25. Nf3 Kh8 26. Bxc4 bxc4 27. Qxc4 Qd6 28. Be3 Ne6 29. b4 Nf4 30. Nxe5 Rae8 31. Bd4 Rxe5 32. Bxe5+ Qxe5 33. Rd1 Qg5 34. g3 Nxh3+ 35. Kg2 Rxf2+ 36. Kh1 Ng1 37. Qd4+ Kg8 38. Qxf2 Qh5+ 39. Kxg1 Qxd1+ 40. Kg2 Qd3 41. Qd4 Qe2+ 42. Kh3 Qf1+ 43. Kh2 Qe2+ 44. Kg1 Qe1+ 45. Kg2 Qe2+ 46. Kh3 Qh5+ 47. Kg2 Qe2+ 1/2-1/2